 Dungeon Crawl Stone Soup version 0.19-a0-1786-g230130f (webtiles) character file.

1989 Amnesiac the Archer (level 9, -1/79 HPs)
             Began as a Minotaur Hunter on Oct 3, 2016.
             Was a Follower of Okawaru.
             Slain by an orc warrior
             ... wielding a +0 dire flail
              (17 damage)
             ... on level 5 of the Dungeon.
             The game lasted 00:08:46 (5578 turns).

Amnesiac the Archer (Minotaur Hunter)               Turns: 5578, Time: 00:08:47

Health: -1/79      AC: 13    Str: 17    XL:     9   Next: 1%
Magic:  8/8        EV: 11    Int:  8    God:    Okawaru [*.....]
Gold:   164        SH:  0    Dex: 14    Spells: 0 memorised, 8 levels left

rFire  . . .     SeeInvis .     a - +1 shortbow
rCold  + . .     Gourm    .     r - +1 plate armour
rNeg   . . .     Faith    .     (shield currently unavailable)
rPois  +         Spirit   .     (helmet restricted)
rElec  .         Dismiss  .     (no cloak)
rCorr  .         Reflect  .     (no gloves)
MR     .....     Harm     .     (no boots)
Stlth  ..........               (no amulet)
                                u - ring of poison resistance
                                n - +3 ring of evasion (curse)

@: about to teleport
A: retaliatory headbutt, horns 2, talons 1, yellow scales 1, cold resistance 1,
sturdy frame 1
a: Heroism, Renounce Religion


You were on level 5 of the Dungeon.
You worshipped Okawaru.
Okawaru was aware of your devotion.
You were not hungry.

You visited 2 branches of the dungeon, and saw 7 of its levels.

You collected 164 gold pieces.

Inventory:

Hand Weapons
 a - a +1 shortbow (weapon)
 b - a +0 short sword
Missiles
 d - 49 arrows (quivered)
Armour
 r - a +1 plate armour (worn)
Jewellery
 n - a cursed +3 ring of evasion (left hand)
 u - a ring of poison resistance (right hand)
Scrolls
 e - a scroll of magic mapping
 g - 13 scrolls of identify
 k - 5 scrolls of remove curse
 l - 3 scrolls of teleportation
 s - a scroll of amnesia {unknown}
 v - a scroll of recharging {unknown}
Potions
 h - a potion of brilliance {unknown}
 i - 4 potions of lignification {unknown}
 m - 2 potions of magic {unknown}
 p - a potion of haste
 q - 2 potions of degeneration
 t - a potion of heal wounds {unknown}
Comestibles
 c - a meat ration
 f - 5 bread rations
 j - a beef jerky
 o - 3 chunks of flesh


   Skills:
 + Level 7.2 Fighting
 * Level 10.2 Bows
 + Level 6.6 Dodging
 - Level 0.7 Stealth


You had 8 spell levels left.
You didn't know any spells.

Dungeon Overview and Level Annotations

Branches:
Dungeon (6/15)             Temple (1/1) D:4

Altars:
Ashenzari
Cheibriados
Dithmenos
Elyvilon
Fedhas
Gozag
Hepliaklqana
Kikubaaqudgha
Makhleb
Nemelex Xobeh
Okawaru
Qazlal
Ru
Sif Muna
Trog
Uskayaw
Vehumet
Xom
Yredelemnul
Zin
The Shining One

Shops:
D:4 [


Innate Abilities, Weirdness & Mutations

You reflexively headbutt those who attack you in melee.
You have a pair of horns on your head.
You have sharp toenails.
You are partially covered in yellow scales. (AC +2)
Your flesh is cold resistant. (rC+)
Your movements are slightly less encumbered by armour. (ER -2)


Message History

There is a stone staircase leading down here.
The orc warrior hits you with a long sword.
The orc warrior hits you but does no damage.
You climb downwards.
There is a stone staircase leading up here.
The orc warrior hits you with a dire flail!
The orc warrior hits you with a dire flail!
The orc warrior hits you but does no damage.
The orc warrior hits you with a dire flail!
There is a stone staircase leading up here.
The orc warrior hits you with a long sword!
The orc warrior hits you with a dire flail.
You climb upwards.
There is a stone staircase leading down here.
As you read the scroll of teleportation, it crumbles to dust.
You feel strangely unstable.
The orc warrior hits you with a long sword!
* * * LOW HITPOINT WARNING * * *
The orc warrior hits you with a dire flail!
You die...

..#...........#
#.......#.#
).#...........#
#.#######.#
..#...........# #.#.#
#.#
..#...........####.#.#
#.#
..#...........##.....#
#.#
..............##.#.#.#
#.#
###...........##.#.#.#
#.#
####.....###.###o#.#.#
#.#
...............o@#.#.#
#.#
...#.#.........###.#.#
#.# ...#.#.........#
#.#.# #.#
...#.#.........# #.#.#
#.#
...#.###.###.#####.#.#
#.# ...#.# #.#
#.#.....#.#####.#
...#.#
#.###.............#.#
...#.#
#.............###.#.#
.....#
#######.######.##.#.#


You could see 2 orc warriors.

Vanquished Creatures
  Pikel (D:3)
  The ghost of 100P the Twirler, an amateur DsGl (D:4)
  Sigmund (D:4)
  Edmund (D:4)
  3 slaves
  A sky beast (D:6)
  An ogre (D:5)
  A gnoll sergeant (D:5)
  2 scorpions
  The ghost of TotoDurand the Skirmisher, a weakling DgFi (D:3)
  A howler monkey (D:4)
  3 crimson imps
  4 hounds
  An orc wizard (D:3)
  2 bullfrog skeletons (D:5)
  Natasha (thrice) (D:3)
  2 worker ants
  5 gnolls (D:5)
  9 adders
  A shadow imp (D:5)
  4 worms
  2 dart slugs
  3 leopard geckos
  6 orcs
  2 ball pythons
  9 bats
  7 giant cockroaches
  8 goblins
  6 hobgoblins (D:1)
  8 jackals
  A quokka (D:3)
  5 frilled lizards
  A jackal skeleton (D:4)
  6 kobolds
  2 leopard gecko skeletons (D:4)
  8 rats
122 creatures vanquished.

Vanquished Creatures (others)
  A hound (D:4)
  A leopard gecko (D:4)
2 creatures vanquished.

Grand Total: 124 creatures vanquished

Notes
Turn   | Place    | Note
-------+----------+-------------------------------------------
     0 | D:1      | Amnesiac the Minotaur Hunter began the quest for the Orb.
     0 | D:1      | Reached XP level 1. HP: 18/18 MP: 0/0
    67 | D:1      | Reached XP level 2. HP: 25/25 MP: 1/1
   702 | D:2      | Reached skill level 5 in Bows
   702 | D:2      | Reached XP level 3. HP: 30/30 MP: 2/2
  1743 | D:3      | Reached XP level 4. HP: 38/38 MP: 3/3
  1804 | D:3      | Noticed TotoDurand's ghost (weakling DgFi)
  2153 | D:4      | Noticed 100P's ghost (amateur DsGl)
  2422 | D:3      | Reached skill level 6 in Bows
  2422 | D:3      | Reached XP level 5. HP: 42/45 MP: 4/4
  2554 | D:3      | Killed TotoDurand's ghost
  2673 | D:4      | Noticed Pikel
  2674 | D:4      | Noticed a slave
  2674 | D:4      | Noticed a slave
  2674 | D:4      | Noticed a slave
  2676 | D:4      | Noticed a slave
  2723 | D:3      | Found a snail-covered altar of Cheibriados.
  2747 | D:3      | Killed Pikel
  2747 | D:3      | Reached skill level 5 in Fighting
  2747 | D:3      | Reached skill level 7 in Bows
  2747 | D:3      | Reached XP level 6. HP: 9/56 MP: 5/5
  2747 | D:3      | Reached XP level 7. HP: 10/61 MP: 6/6
  3052 | D:3      | Noticed Natasha
  3061 | D:3      | Killed Natasha
  3070 | D:3      | Noticed Natasha
  3077 | D:3      | Killed Natasha
  3252 | D:3      | Noticed Natasha
  3259 | D:3      | Killed Natasha
  3259 | D:3      | Reached skill level 8 in Bows
  3490 | D:4      | Killed 100P's ghost
  3490 | D:4      | Reached skill level 5 in Dodging
  3657 | D:4      | Noticed Edmund
  3658 | D:4      | Noticed Sigmund
  3692 | D:4      | Killed Edmund
  3692 | D:4      | Reached XP level 8. HP: 48/70 MP: 7/7
  3791 | D:4      | Killed Sigmund
  3791 | D:4      | Reached skill level 9 in Bows
  3808 | D:4      | Found Fuobi's Antique Armour Shoppe.
  3863 | D:4      | Found a staircase to the Ecumenical Temple.
  3891 | Temple   | Entered the Ecumenical Temple
  3915 | Temple   | Became a worshipper of Warmaster Okawaru
  4390 | D:5      | Entered Level 5 of the Dungeon
  4827 | D:5      | Reached * piety under Okawaru
  5062 | D:5      | Reached skill level 10 in Bows
  5490 | D:6      | Gained mutation: Your movements are slightly less encumbered by armour. (ER -2) [mutagenic meat]
  5504 | D:6      | Gained mutation: You are partially covered in yellow scales. (AC +2) [mutagenic meat]
  5507 | D:6      | Gained mutation: You have sharp toenails. [mutagenic meat]
  5510 | D:6      | Gained mutation: Your flesh is cold resistant. (rC+) [mutagenic meat]
  5537 | D:6      | Reached XP level 9. HP: 79/79 MP: 8/8
  5561 | D:5      | Noticed a rust devil
  5561 | D:5      | Noticed a rust devil
  5578 | D:5      | Slain by an orc warrior

Vault maps used:
D:1:      lightli_arrival_chessboard, st_stairs_12
D:2:      serial_forest, infiniplex_forest_lined_1,
          infiniplex_forest_straight_2, infiniplex_forest_clump_small,
          infiniplex_forest_clump_small, infiniplex_forest_clump_double,
          infiniplex_forest_clump_curved, corexii_hall_statues_x,
          minmay_misc_feat_doors
D:3:      kennysheep_slug_shrine, uniq_natasha
D:4:      first_bread, serial_shops, kennysheep_mini_moat, uniq_sigmund,
          uniq_edmund, uniq_pikel
D:5:      cheibrodos_iron_armory
D:6:      corexii_item_surrounded_by_moat, grunt_ministairs_2,
          nemelex_xobeh_ov_fountains_minmay
Temple:   nicolae_temple_the_god_donut

Skill      XL: |  1  2  3  4  5  6  7  8 |
---------------+-------------------------+-----
Bows           | 5 6 7 8 10 | 10.2
Fighting       | 3 5 6 7 |  7.2
Dodging        | 3 4 5 6 |  6.6
Stealth        | |  0.7

Action                   |  1- 3 |  4- 6 |  7- 9 || total
-------------------------+-------+-------+-------++-------
Melee: Short sword       |   137 |    21 |       ||   158
       Headbutt          |    21 |     3 |       ||    24
       Shortbow          |       |       |     1 ||     1
 Fire: Shortbow          |    24 |    98 |   322 ||   444
  Use: Scroll            |       |     7 |     1 ||     8
  Eat: Chunk             |     2 |     4 |    12 ||    18
Armor: Leather armour    |    12 |       |       ||    12
       Ring mail         |     3 |       |       ||     3
       Plate armour      |    51 |    85 |    71 ||   207
Dodge: Dodged            |    61 |    36 |    34 ||   131
